 Dungeon Crawl Stone Soup version 0.24.0-125-gc4c63601f3 (webtiles) character file.

Game seed: 16646253228236000590, levelgen mode: deterministic

6006 Curus the Carver (level 10, -3/77 HPs)
             Began as a Minotaur Abyssal Knight on Feb 28, 2020.
             Was a High Priest of Lugonu.
             Slain by a troll (5 damage)
             ... on level 9 of the Dungeon on Feb 29, 2020.
             The game lasted 00:47:56 (10217 turns).

Curus the Carver (Minotaur Abyssal Knight)         Turns: 10217, Time: 00:47:57

Health: -3/77      AC:  4    Str: 16    XL:     10   Next: 56%
Magic:  16/16      EV: 11    Int:  9    God:    Lugonu [*****.]
Gold:   25         SH:  4    Dex: 14    Spells: 9/9 levels left

rFire    + . .     SeeInvis +   a - +4 falchion
rCold    + . .     Gourm    .   k - +1 buckler {rC+}
rNeg     . . .     Faith    .   j - +1 leather armour {rPois}
rPois    +         Spirit   .   (helmet restricted)
rElec    .         Reflect  .   (no cloak)
rCorr    .         Harm     .   (no gloves)
MR       .....                  (no boots)
Stlth    +.........             (no amulet)
HPRegen  0.22/turn              i - ring of see invisible
MPRegen  0.15/turn              n - ring of protection from fire

@: no status effects
A: retaliatory headbutt, horns 2
a: Depart the Abyss, Bend Space, Banish, Corrupt, Enter the Abyss, Renounce
Religion


You were on level 9 of the Dungeon.
You worshipped Lugonu.
Lugonu was extremely pleased with you.
You were not hungry.

You visited 1 branch of the dungeon, and saw 9 of its levels.
You visited the Abyss 1 time.

You collected 594 gold pieces.
You spent 569 gold pieces at shops.

Inventory:

Hand Weapons
 a - a +4 falchion (weapon)
Armour
 b - a +0 leather armour
 e - a +0 shield
 j - a +1 leather armour of poison resistance (worn)
 k - a +1 buckler of cold resistance (worn)
 u - the cursed +1 chain mail of the Tick {rCorr Int+3 Stlth-}
   (You found it on level 7 of the Dungeon)

   It affects your intelligence (+3).
   It provides partial protection from all sources of acid and corrosion.
   It makes you less stealthy.
   It has a curse placed upon it.
Jewellery
 i - a ring of see invisible (left hand)
 l - an uncursed ring of poison resistance
 n - a ring of protection from fire (right hand)
 t - a +3 ring of protection
Wands
 m - a wand of scattershot (4)
 p - a wand of iceblast (4)
Scrolls
 d - 2 scrolls of fear
 g - 7 scrolls of remove curse
 h - 10 scrolls of identify
 q - 4 scrolls of teleportation
 r - a scroll of magic mapping
 s - 2 scrolls of enchant weapon
 w - 2 scrolls of summoning
 y - a scroll of vulnerability
Potions
 f - 2 potions of brilliance
 o - a potion of might
 v - 3 potions of curing
 z - a potion of heal wounds
Miscellaneous
 x - a lamp of fire
Comestibles
 c - 19 rations


   Skills:
 + Level 3.6 Fighting
 - Level 14.0 Long Blades
 - Level 2.4 Armour
 + Level 1.1 Dodging
 - Level 10.5 Invocations


You had 9 spell levels left.
You didn't know any spells.
Your spell library contained the following spells:

 Spells                   Type           Power        Failure   Level  Hunger
 Animate Skeleton         Necr           N/A          63%         1    ##.....
 Apportation              Tloc           #.....       63%         1    ##.....
 Confusing Touch          Hex            #.....       63%         1    ##.....
 Summon Small Mammal      Summ           #...         63%         1    ##.....


Dungeon Overview and Level Annotations

Branches:
Dungeon (9/15)             Temple (0/1) D:4
   Lair: D:8-11         Orc: D:9-12

Altars:
Ashenzari
Cheibriados
Dithmenos
Hepliaklqana
Makhleb
Ru
Vehumet
Yredelemnul

Shops:
D:5 %   D:7 *   D:9 ?


Innate Abilities, Weirdness & Mutations

You reflexively headbutt those who attack you in melee.
You have a pair of horns on your head.


Message History

The troll is heavily wounded.
The troll bites you. The troll claws you! The troll claws you.
You hit the troll.
The troll is heavily wounded.
The troll closely misses you. You furiously retaliate!
You headbutt the troll. The troll closely misses you.
You block the troll's attack.
You slash the troll!
The troll is severely wounded.
You closely miss the troll.
The troll is severely wounded.
The troll bites you!
* * * LOW HITPOINT WARNING * * *
The troll barely misses you. x2
You slash the troll!
You headbutt the troll, but do no damage.
The troll is almost dead.
The troll bites you!
* * * LOW HITPOINT WARNING * * *
The troll misses you. The troll claws you.
You die...

##.....## #.. #.......#
.....# ### #.......# .....#
#..#+#..####......
#..+∩'..##........
#..#'#..##........
#......###........
#......###........
######..@T........
#####........ #........
#..?..... #########
###########################
#..........................


You could see a troll.

Vanquished Creatures
  Psyche (D:9)
  2 hippogriffs (D:8)
  Sigmund (D:3)
  A spriggan (D:7)
  An ice beast (D:6)
  2 orc warriors
  3 phantoms
  5 sky beasts
  6 necrophages
  2 ogres
  2 centaurs (D:6)
  3 bullfrogs
  An elf zombie (D:8)
  An elf skeleton (D:8)
  A water moccasin zombie (D:9)
  5 scorpions
  9 killer bees
  4 howler monkeys
  4 wights
  A crimson imp (D:6)
  A centaur zombie (D:9)
  A quasit (D:9)
  6 hounds
  4 jellies
  9 orc wizards
  4 orc priests
  3 human zombies (D:8)
  A bullfrog skeleton (D:9)
  Ijyb (D:3)
  Terence (D:3)
  2 human skeletons (D:8)
  3 iguanas
  12 worker ants
  A killer bee zombie (D:9)
  A hound zombie (D:9)
  4 mummies
  8 adders
  A shadow imp (D:9)
  An ooze (D:3)
  2 adder skeletons
  3 adder zombies
  2 worms (D:3)
  4 dart slugs
  7 leopard geckos
  33 orcs
  2 ball pythons
  11 bats
  6 giant cockroaches
  11 goblins
  8 hobgoblins
  3 jackals (D:5)
  7 kobolds
  3 quokkas
  5 frilled lizards
  A quokka skeleton (D:4)
  11 rats
238 creatures vanquished.

Vanquished Creatures (collateral kills)
  An iguana (D:8)
1 creature vanquished.

Vanquished Creatures (others)
  A hornet (D:9)
  An ogre (D:6)
2 creatures vanquished.

Grand Total: 241 creatures vanquished

Notes
Turn   | Place    | Note
-------+----------+-------------------------------------------
     0 | Abyss:1  | Curus the Minotaur Abyssal Knight began the quest for the
                  | Orb.
     0 | Abyss:1  | Reached XP level 1. HP: 19/19 MP: 1/1
    48 | Abyss:1  | Noticed a large abomination
    59 | Abyss:1  | Noticed a lich
    61 | D:1      | Escaped the Abyss
    69 | D:1      | Reached * piety under Lugonu
   183 | D:1      | Reached skill level 3 in Long Blades
   183 | D:1      | Reached XP level 2. HP: 26/26 MP: 2/2
   527 | D:1      | Reached XP level 3. HP: 23/31 MP: 4/4
   680 | D:2      | Found a hazy altar of Hepliaklqana.
   975 | D:2      | Reached ** piety under Lugonu
   986 | D:2      | Reached skill level 4 in Long Blades
  1305 | D:2      | Reached XP level 4. HP: 39/39 MP: 5/5
  1428 | D:3      | Noticed Ijyb
  1444 | D:3      | Killed Ijyb
  1542 | D:3      | Noticed Sigmund
  1550 | D:3      | Killed Sigmund
  1550 | D:3      | Reached skill level 5 in Long Blades
  1550 | D:3      | Reached XP level 5. HP: 45/45 MP: 5/7
  1555 | D:3      | Reached XP level 6. HP: 51/51 MP: 5/8
  1982 | D:3      | Noticed Terence
  1987 | D:3      | Killed Terence
  1987 | D:3      | Reached *** piety under Lugonu
  1987 | D:3      | Reached skill level 6 in Long Blades
  2264 | D:4      | Reached skill level 5 in Invocations
  2286 | D:4      | HP: 1/51 [orc (5)]
  2398 | D:4      | Reached XP level 7. HP: 26/57 MP: 10/10
  2599 | D:4      | Found a staircase to the Ecumenical Temple.
  2620 | D:4      | Reached skill level 7 in Long Blades
  2918 | D:4      | Found a sacrificial altar of Ru.
  2934 | D:4      | Found a shattered altar of Ashenzari.
  3086 | D:5      | Entered Level 5 of the Dungeon
  3129 | D:5      | Found a burning altar of Makhleb.
  3399 | D:5      | Reached skill level 8 in Long Blades
  3399 | D:5      | Reached XP level 8. HP: 31/64 MP: 10/12
  3855 | D:5      | Found Dihor's Food Boutique.
  3945 | D:6      | Reached skill level 9 in Long Blades
  4291 | D:6      | Reached **** piety under Lugonu
  4893 | D:6      | Reached skill level 10 in Long Blades
  5477 | D:7      | Got a translucent chain mail
  5604 | D:6      | Identified the cursed +1 chain mail of the Tick {rCorr
                  | Int+3 Stlth-} (You found it on level 7 of the Dungeon)
  5618 | D:7      | Reached XP level 9. HP: 37/70 MP: 14/14
  5817 | D:7      | Found Miroba's Assorted Antiques.
  5828 | D:7      | Bought a potion of curing for 51 gold pieces
  5828 | D:7      | Bought a scroll of enchant weapon for 127 gold pieces
  5828 | D:7      | Bought a potion of curing for 51 gold pieces
  5828 | D:7      | Bought a potion of curing for 51 gold pieces
  5828 | D:7      | Bought a scroll of enchant weapon for 127 gold pieces
  6217 | D:7      | Reached skill level 11 in Long Blades
  7741 | D:8      | Reached skill level 12 in Long Blades
  8497 | D:8      | Reached XP level 10. HP: 77/77 MP: 16/16
  8657 | D:8      | Found a basalt altar of Yredelemnul.
  8810 | D:8      | Reached ***** piety under Lugonu
  8899 | D:9      | Reached skill level 13 in Long Blades
  8907 | D:9      | Reached skill level 10 in Invocations
  9704 | D:9      | Found a radiant altar of Vehumet.
  9715 | D:9      | Found a shadowy altar of Dithmenos.
  9716 | D:9      | Found a snail-covered altar of Cheibriados.
 10177 | D:9      | Found Ceaneg's Magic Scroll Shop.
 10180 | D:9      | Bought a scroll of teleportation for 36 gold pieces
 10180 | D:9      | Bought a scroll of teleportation for 36 gold pieces
 10180 | D:9      | Bought a scroll of vulnerability for 90 gold pieces
 10190 | D:9      | Noticed Psyche
 10211 | D:9      | Killed Psyche
 10211 | D:9      | Reached skill level 14 in Long Blades
 10217 | D:9      | HP: 2/77 [troll (13)]
 10217 | D:9      | Slain by a troll

Levels and vault maps discovered:
D:1:      minmay_arrival_semitransparent, layout_loops_cross
D:2:      layout_basic, lemuel_crystal_altar
D:3:      wad_river_or_something, layout_basic, hangedman_decor_diamond_cutter,
          minmay_misc_feat_room, uniq_sigmund, uniq_terence, uniq_ijyb
D:4:      layout_basic, overflow_temple_1_default, marbit_many_paths,
          temple_fountains, first_ration
D:5:      layout_cave_pools, basic_altar, serial_shops, kennysheep_little_box
D:6:      layout_cave_pods
D:7:      layout_layer_cave, serial_shops, shop, the_bakery
D:8:      layout_rooms, lemuel_mausoleum_altar_yredelemnul
D:9:      layout_basic, minitemple, serial_shops, kennysheep_mini_moat,
          serial_undead, serial_undead_a, serial_undead_b, serial_undead_a,
          serial_undead_d, uniq_psyche

Skill      XL: |  1  2  3  4  5  6  7  8  9 10 |
---------------+-------------------------------+-----
Invocations    | 2 3 4 5 6 8 9 10 | 10.5
Long Blades    | 3 4 5 6 8 10 12 14 | 14.0
Fighting       | |  3.6
Armour         | |  2.4
Dodging        | |  1.1

Action                   |  1- 3 |  4- 6 |  7- 9 | 10-12 || total
-------------------------+-------+-------+-------+-------++-------
Melee: Falchion          |    96 |   126 |   398 |   261 ||   881
       Headbutt          |    22 |    18 |    82 |    62 ||   184
Invok: Depart the Abyss  |     1 |       |       |       ||     1
       Banish            |       |       |     1 |     1 ||     2
Evoke: Wand              |       |       |     1 |       ||     1
  Use: Scroll            |     5 |     6 |     6 |       ||    17
       Potion            |     4 |     2 |     6 |       ||    12
 Stab: Sleeping          |     1 |       |     1 |     1 ||     3
  Eat: Chunk             |     1 |     4 |    13 |     4 ||    22
       Ration            |       |       |     2 |     1 ||     3
Armor: Leather armour    |    23 |    31 |    74 |    31 ||   159
Dodge: Dodged            |    54 |    50 |   163 |    76 ||   343
Block: Buckler           |       |    13 |    65 |    27 ||   105
       Rpst.: Falchion   |    11 |    17 |    48 |    22 ||    98
